 Dungeon Crawl Stone Soup version 0.29.1-15-g9cfb28693d (webtiles) character file.

Game seed: 10867189532521323638

769 DemonSlayer the Digger (level 7, -2/47 HPs)
             Began as a Demonspawn Earth Elementalist on Mar 12, 2023.
             Was an Initiate of Dithmenos.
             Slain by an orc warrior
             ... wielding a +0 mace
              (19 damage)
             ... on level 5 of the Dungeon.
             The game lasted 00:09:36 (4820 turns).

DemonSlayer the Digger (DsEE)                       Turns: 4820, Time: 00:09:37

Health: -2/47      AC:  5    Str: 12    XL:     7   Next: 52%
Magic:  11/14      EV: 27    Int: 16    God:    Dithmenos [......]
Gold:   179        SH:  4    Dex: 15    Spells: 6/16 levels left

rFire   . . .      SeeInvis .   l - +0 dagger (drain)
rCold   + . .      Faith    .   (no shield)
rNeg    . . .      Spirit   .   q - +1 robe of Waetsu {Str+3}
rPois   .          Reflect  .   (no helmet)
rElec   .          Harm     .   (no cloak)
rCorr   .          Rampage  .   (no gloves)
Will    .....                   r - +0 pair of boots
Stlth   ++........              o - amulet of the acrobat
HPRegen 0.15/turn               c - ring of flight
MPRegen 0.28/turn               s - ring of protection from cold

@: acrobatic, flying
A: magic regeneration, sharp scales 1, condensation shield, weakness stinger 2
a: Renounce Religion


You were on level 5 of the Dungeon.
You worshipped Dithmenos.
Dithmenos was noncommittal.
You visited 1 branch of the dungeon, and saw 5 of its levels.

You collected 179 gold pieces.

Inventory:

Hand Weapons
 l - a +0 dagger of draining (weapon)
Missiles
 v - 2 curare-tipped darts
Armour
 q - the +1 robe of Waetsu (worn) {Str+3}
   (You found it on level 3 of the Dungeon)

   Str:       It affects your strength (+3).
 r - a +0 pair of boots (worn)
Jewellery
 c - a ring of flight (left hand)
 o - an amulet of the acrobat (around neck)
 s - a ring of protection from cold (right hand)
Scrolls
 a - 3 scrolls of silence
 d - 3 scrolls of vulnerability
 h - a scroll of magic mapping {unknown}
 j - 2 scrolls of teleportation
 k - a scroll of noise {unknown}
 m - a scroll of immolation {unknown}
 u - a scroll of fear {unknown}
Potions
 b - 3 potions of magic
 e - a potion of mutation {unknown}
 f - 4 potions of haste
 i - a potion of might
 n - a potion of curing
 p - a potion of degeneration {unknown}
 t - a potion of heal wounds
 w - a potion of brilliance {unknown}


   Skills:
 + Level 0.5 Fighting
 + Level 0.2 Short Blades
 + Level 0.2 Axes
 + Level 2.6 Dodging
 + Level 3.2 Stealth
 + Level 0.6 Shields
 + Level 5.0 Spellcasting
 + Level 0.8 Transmutations
 + Level 5.5 Earth Magic


You had 6 spell levels left.
You knew the following spells:

 Your Spells              Type           Power      Damage    Failure   Level
a - Sandblast             Erth           42%        2d11      1%          1
b - Passwall              Tmut/Erth      11%        N/A       6%          2
c - Stone Arrow           Conj/Erth      24%        3d8       14%         3
d - Petrify               Tmut/Erth      14%        N/A       38%         4

Your spell library contained the following spells:

 Spells                   Type           Power      Damage    Failure   Level
 Dazzling Flash           Conj/Hex       8%         N/A       41%         3
 Gell's Gravitas          Tloc           4%         N/A       41%         3
 Summon Guardian Golem    Hex/Summ       4%         N/A       41%         3
 Teleport Other           Tloc           4%         N/A       41%         3
 Iskenderun's Mystic Bla  Conj/Tloc      4%         2d3       83%         4
 Summon Ice Beast         Ice/Summ       4%         N/A       83%         4
 Iskenderun's Battlesphe  Conj           4%         2d6       99%         5
 Summon Mana Viper        Hex/Summ       4%         N/A       99%         5
 Dispersal                Tloc           2%         N/A       100%        6
 Iron Shot                Conj/Erth      6%         9d2       100%        6
 Starburst                Conj/Fire      2%         6d3       100%        6
 Monstrous Menagerie      Summ           2%         N/A       100%        7
 Orb of Destruction       Conj           2%         9d5       100%        7
 Spellforged Servitor     Conj/Summ      2%         N/A       100%        7


Dungeon Overview and Level Annotations

Branches:
Dungeon (5/15)
 Temple: D:4-7

Altars:
Dithmenos
Yredelemnul


Innate Abilities, Weirdness & Mutations

You regenerate magic rapidly.
You are partially covered in razor-sharp scales. (AC +1, Slay +1)
A meltable shield of frost defends you. (SH +4)
You have a tail ending in a sharp stinger.


Message History

You feel better. The adder bites you but does no damage.
The adder barely misses you.
The blast of sand hits the adder!
You kill the adder!
Dithmenos accepts your kill. The adder misses you.
The adder closely misses you.
The blast of sand hits the adder!
The adder is severely wounded.
The adder bites you but does no damage. x2
You hit the adder. You drain the adder.
You kill the adder!
Dithmenos accepts your kill.
Magic restored.
HP restored.
Items here: ))) [[ ††.
An orc warrior comes into view. It is wielding a +0 mace.
The orc warrior moves out of view.
Found 6 gold pieces.
The orc warrior shouts!
An orc warrior is nearby!
An orc warrior is nearby!
You see here 2 smoky brown potions.
The blast of sand hits the orc warrior but does no damage.
The blast of sand hits the orc warrior.
The orc warrior is lightly wounded.
The orc warrior barely misses you. You block the orc warrior's attack.
The blast of sand hits the orc warrior!
The orc warrior is moderately wounded.
The orc warrior hits you with a +0 mace!
The blast of sand hits the orc warrior but does no damage.
The orc warrior is moderately wounded.
The orc warrior drinks a potion.
The orc warrior seems to grow stronger.
The orc warrior misses you.
The blast of sand misses the orc warrior.
The orc warrior hits you with a +0 mace!
Unknown command.
You see here 2 potions of might.
The orc warrior attacks as you move away!
The orc warrior hits you with a +0 mace!!
You die...

### ... ### ... ..#
###.###$###
#.....#...
.#.8.8.#.# .
....8..o.# .
.#.8.8.#@######...
#.....#.......#
###.#####.###.# #..
#⌠...⌠#.#### #..
.#.....#....# ...
#.....⌠..)†...#
.#.....#.....#....#
...##⌠...⌠#....#
#.# ###.###...<#


You could see an orc warrior (strong).

Vanquished Creatures
  Menkaure (D:4)
  A water moccasin (D:5)
  A phantom (D:4)
  A necrophage (D:5)
  A scorpion (D:4)
  2 orc priests (D:4)
  3 hounds
  An orc wizard (D:5)
  An iguana (D:5)
  6 adders
  2 worms
  6 dart slugs
  10 orcs
  8 ball pythons
  13 endoplasms
  3 giant cockroaches
  4 goblins
  3 hobgoblins
  4 kobolds
  3 bats
  7 frilled lizards
  9 rats
90 creatures vanquished.

Vanquished Creatures (others)
  A plant (D:1)
1 creature vanquished.

Grand Total: 91 creatures vanquished

Notes
Turn   | Place    | Note
-------+----------+-------------------------------------------
     0 | D:1      | DemonSlayer the Demonspawn Earth Elementalist began the
                  | quest for the Orb.
     0 | D:1      | Reached XP level 1. HP: 13/13 MP: 3/3
   352 | D:1      | Gained mutation: You have a small tail. [demonic ancestry]
   352 | D:1      | Reached XP level 2. HP: 19/19 MP: 5/5
   895 | D:1      | Learned a level 2 spell: Passwall
   964 | D:2      | Gained mutation: A meltable shield of frost defends you.
                  | (SH +4) [demonic ancestry]
   964 | D:2      | Reached XP level 3. HP: 24/24 MP: 3/6
  1298 | D:2      | Learned a level 3 spell: Stone Arrow
  1967 | D:3      | Gained mutation: You are partially covered in razor-sharp
                  | scales. (AC +1, Slay +1) [demonic ancestry]
  1967 | D:3      | Reached XP level 4. HP: 24/30 MP: 1/7
  2161 | D:3      | Identified the +1 robe of Waetsu {Str+3}
  2952 | D:4      | Reached XP level 5. HP: 35/35 MP: 7/9
  3189 | D:4      | Noticed a phantom
  3195 | D:4      | Killed a phantom
  3196 | D:4      | Gained mutation: You regenerate magic rapidly. [demonic
                  | ancestry]
  3196 | D:4      | Reached XP level 6. HP: 29/41 MP: 2/11
  3302 | D:4      | Learned a level 4 spell: Petrify
  3679 | D:4      | Noticed Menkaure
  3689 | D:4      | Killed Menkaure
  3690 | D:4      | Reached skill level 5 in Earth Magic
  3690 | D:4      | Gained mutation: You have a tail ending in a sharp stinger.
                  | [demonic ancestry]
  3690 | D:4      | Reached XP level 7. HP: 12/47 MP: 9/13
  4467 | D:4      | Found a shadowy altar of Dithmenos.
  4467 | D:4      | Found a basalt altar of Yredelemnul.
  4471 | D:4      | Became a worshipper of Dithmenos the Shadowed
  4651 | D:5      | Entered Level 5 of the Dungeon
  4689 | D:5      | Reached skill level 5 in Spellcasting
  4820 | D:5      | Slain by an orc warrior

Illustrated notes

Levels and vault maps discovered:
D:1:      minmay_arrival_radiant_lines, layout_basic, serial_forest,
          infiniplex_forest_lined_3, infiniplex_forest_lined_3,
          infiniplex_forest_lined_corner, infiniplex_forest_straight_2,
          infiniplex_forest_lined_room_2, infiniplex_forest_clump_small,
          infiniplex_forest_clump_curved
D:2:      wad_crossroads, layout_basic
D:3:      layout_loops_ring
D:4:      layout_gridville, gammafunk_temple_overflow_wave, uniq_menkaure
D:5:      layout_loops_cross, minmay_chambers_of_fives

Skill      XL: |  1  2  3  4  5  6  7 |
---------------+----------------------+-----
Earth Magic    | 3 4 5 |  5.5
Dodging        | 2 |  2.6
Stealth        | 2 3 |  3.2
Spellcasting   | 3 4 5 |  5.0
Fighting       | |  0.5
Short Blades   | |  0.2
Axes           | |  0.2
Shields        | |  0.6
Transmutations | |  0.8

Action                   |  1- 3 |  4- 6 |  7- 9 || total
-------------------------+-------+-------+-------++-------
Melee: War axe           |    15 |       |       ||    15
       Tailslap          |     1 |     1 |       ||     2
       Dagger            |     7 |     8 |     4 ||    19
 Cast: Sandblast         |    45 |    65 |    28 ||   138
  Use: Scroll            |       |       |     6 ||     6
       Potion            |       |       |     1 ||     1
 Stab: Sleeping          |     5 |     4 |       ||     9
Armor: Robe              |    11 |    14 |    10 ||    35
Dodge: Dodged            |    30 |    31 |    24 ||    85
Block: Other             |     2 |    12 |     8 ||    22
